 Dungeon Crawl Stone Soup version 0.26-a0-812-g31a745ddcd (webtiles) character file.

Game seed: 2436312932418551636

88 dmks the Magician (level 4, -3/27 HPs)
             Began as an Octopode Hedge Wizard on Nov 14, 2020.
             Killed from afar by Natasha (5 damage)
             ... with a magic dart
             ... on level 2 of the Dungeon.
             The game lasted 00:09:14 (3220 turns).

dmks the Magician (Octopode Hedge Wizard)           Turns: 3220, Time: 00:09:15

Health: -3/27      AC:  1    Str:  9    XL:     4   Next: 53%
Magic:  5/9        EV: 13    Int: 17    God:
Gold:   120        SH:  0    Dex: 11    Spells: 7/10 levels left

rFire    + . .     SeeInvis .   a - +1 dagger
rCold    x . .     Faith    .   (no shield)
rNeg     . . .     Spirit   .   b - +0 hat
rPois    .         Reflect  .   (no amulet)
rElec    .         Harm     .   j - ring of fire
rCorr    .         Rampage  .   (no ring)
MR       .....                  (no ring)
Stlth    +++.......             (no ring)
HPRegen  0.09/turn              (no ring)
MPRegen  0.11/turn              (no ring)
                                (no ring)
                                (no ring)

@: slowed, very slow
A: almost no armour, stealthy swim, amphibious, 8 rings, constrict 8, camouflage
1, gelatinous body 1
a: no special abilities


You were on level 2 of the Dungeon.
You visited 1 branch of the dungeon, and saw 2 of its levels.

You collected 120 gold pieces.

Inventory:

Hand Weapons
 a - a +1 dagger (weapon)
Armour
 b - a +0 hat (worn)
Jewellery
 j - a ring of fire (left tentacle)
   (You found it on level 2 of the Dungeon)
Scrolls
 g - a scroll of remove curse {@r2}
 i - a scroll of enchant weapon
Potions
 c - a potion of resistance
 d - a potion of attraction {!q}
 e - 2 potions of lignification {unknown}
 f - 2 potions of flight {unknown}
 h - a potion of magic {unknown}


   Skills:
 + Level 2.6 Dodging
 + Level 3.8 Stealth
 * Level 3.8 Spellcasting
 + Level 1.9 Conjurations
 - Level 1.0 Summonings
   Level 1.0 Translocations


You had 7 spell levels left.
You knew the following spells:

 Your Spells              Type           Power        Failure   Level
a - Magic Dart            Conj           #...         7%          1
x - Call Imp              Summ           #.......     16%         2

Your spell library contained the following spells:

 Spells                   Type           Power        Failure   Level
 Blink                    Tloc           N/A          16%         2
 Slow                     Hex            #.......     24%         2
 Conjure Flame            Conj/Fire      #.......     32%         3
 Mephitic Cloud           Conj/Pois/Air  #.......     36%         3


Dungeon Overview and Level Annotations

Branches:
Dungeon (2/15)

Altars:

Annotations:
D:2 Natasha


Innate Abilities, Weirdness & Mutations

You cannot wear most types of armour.
You are very stealthy in the water. (Stealth+)
You are amphibious.
You can wear up to eight rings at the same time.
You can use your tentacles to constrict eight enemies at once.
Your skin changes colour to match your surroundings (Stealth+).
Your rubbery body absorbs attacks. (AC +1, EV +1)


Message History

* * * LOW HITPOINT WARNING * * *
Your crimson imp hits Natasha but does no damage.
Natasha casts a spell at you.
You feel yourself slow down.
Your crimson imp hits Natasha but does no damage.
A beastly little devil appears in a puff of flame.
Your crimson imp closely misses Natasha.
The hobgoblin hits your crimson imp but does no damage.
Natasha stares at you and mumbles some strange words.
You feel as though you will be slow longer.
Your crimson imp hits Natasha.
Your crimson imp barely misses the hobgoblin.
Your crimson imp hits the hobgoblin.
Your crimson imp barely misses Natasha.
Natasha misses you.
Your crimson imp completely misses Natasha.
Your crimson imp barely misses the hobgoblin.
Your crimson imp barely misses Natasha.
Natasha casts a spell.
Your crimson imp closely misses the hobgoblin.
Your crimson imp closely misses Natasha.
There is an open door here.
Your crimson imp blinks!
Natasha mumbles some strange words.
The hobgoblin hits your crimson imp with a +0 club.
Your crimson imp hits the iron imp but does no damage.
Your crimson imp barely misses the hobgoblin.
The hobgoblin barely misses your crimson imp.
Your crimson imp blinks!
Your crimson imp closely misses the hobgoblin.
Natasha stares at you and mumbles some strange words.
The magic dart hits you.
* * * LOW HITPOINT WARNING * * *
Something barely misses your crimson imp.
What are your orders? t - Shout!
Orders for allies: a - Attack new target. r - Retreat! s - Stop attacking. g - Guard the area. f - Follow me.
Anything else - Cancel.
You shout for attention!
Your crimson imp hits the hobgoblin.
Something hits your crimson imp but does no damage.
The hobgoblin hits your crimson imp but does no damage.
Natasha claws you.
* * * LOW HITPOINT WARNING * * *
Your crimson imp hits the hobgoblin but does no damage.
Something hits your crimson imp but does no damage.
Natasha casts a spell at you. The magic dart hits you.
You die...

.##≈§g≈≈≈###.#..#.....# #.....
.)###"######....#.....# ##....
..........#####.......# #....
..[.......... #.......# #....
...######...#.#.......## #....
#########...#.#........# #....
##..........#........# #....
#.!.........#...##...# ###....
........... #.@.##...# #.)....
..........###...##...# #)####'
.........g'5h.#.##...# #.# #.
........55#####.##...# #.# #.
..........# #>##...# #.# #.
..........# ####...# #.# ##
..........# ##### #g#
...!.5.##################.#
.#........#.......g.......#####


You could see an iron imp (summoned) and Natasha.

Vanquished Creatures
  A gnoll (D:2)
  2 adders (D:2)
  An ooze (D:2)
  A dart slug (D:1)
  A leopard gecko (D:1)
  A ball python (D:2)
  4 giant cockroaches
  5 goblins
  7 hobgoblins
  6 bats
  3 frilled lizards (D:1)
  4 rats
36 creatures vanquished.

Vanquished Creatures (collateral kills)
  3 gnolls
  A leopard gecko (D:2)
  A giant cockroach (D:1)
  2 hobgoblins
  A jackal (D:1)
8 creatures vanquished.

Grand Total: 44 creatures vanquished

Notes
Turn   | Place    | Note
-------+----------+-------------------------------------------
     0 | D:1      | dmks the Octopode Hedge Wizard began the quest for the Orb.
     0 | D:1      | Reached XP level 1. HP: 11/11 MP: 4/4
   174 | D:1      | Reached XP level 2. HP: 17/17 MP: 4/6
   507 | D:1      | Learned a level 2 spell: Call Imp
   689 | D:1      | Reached XP level 3. HP: 21/21 MP: 1/7
  2692 | D:2      | Reached XP level 4. HP: 27/27 MP: 6/9
  3205 | D:2      | Noticed Natasha
  3220 | D:2      | Killed from afar by Natasha

Illustrated notes

Levels and vault maps discovered:
D:1:      erik_arrival_triangle_large, layout_basic, minmay_tromino_mix6
D:2:      layout_basic, kennysheep_potato, uniq_natasha

Skill      XL: |  1  2 |
---------------+-------+-----
Stealth        | 3 |  3.8
Dodging        | |  2.6
Spellcasting   | |  3.8
Conjurations   | |  1.9
Summonings     | |  1.0
Translocations | |  1.0

Action                   |  1- 3 |  4- 6 || total
-------------------------+-------+-------++-------
Melee: Dagger            |    25 |     3 ||    28
       Constrict         |     9 |       ||     9
       Tentacles         |     6 |       ||     6
 Cast: Magic Dart        |    79 |    14 ||    93
       Call Imp          |    14 |     8 ||    22
  Use: Scroll            |     7 |       ||     7
       Potion            |     2 |       ||     2
Armor: Skin              |    17 |     2 ||    19
Dodge: Dodged            |    83 |    10 ||    93

Table legend: (Time is in decaauts)
 A = Elapsed time spent in this place.
 B = Non-inter-level travel time spent in this place.
 C = Inter-level travel time spent in this place.
 D = Time resting spent in this place.
 E = Time spent auto-exploring this place.
 F = Levels seen in this place.
 G = Mean time per level.
                   A        B        C        D        E       F      G
               +--------+--------+--------+--------+--------+-----+--------+
         Total |   3225 |   3177 |     48 |    779 |   1816 |   2 | 1612.5 |
       Dungeon |   3225 |   3177 |     48 |    779 |   1816 |   2 | 1612.5 |
               +--------+--------+--------+--------+--------+-----+--------+

Top non-repeatable levels by time:
     D:1: 2145 daAuts
     D:2: 1080 daAuts
